 Dungeon Crawl Stone Soup version 0.25-a0-1073-gf4359a17dd (webtiles) character file.

Game seed: 16645813531349989029, levelgen mode: deterministic

84301 Flugslaktarn the Cleaver (level 15, -18/81 HPs)
             Began as a Vine Stalker Fighter on May 14, 2020.
             Was the Champion of Cheibriados.
             Killed from afar by Azrael (24 damage)
             ... with damnation
             ... on level 15 of the Dungeon.
             The game lasted 00:10:48 (16266 turns).

Flugslaktarn the Cleaver (Vine Stalker Fighter)    Turns: 16266, Time: 00:10:49

Health: -18/81     AC: 15    Str: 45    XL:     15   Next: 80%
Magic:  0/21       EV: 18    Int: 23    God:    Cheibriados [******]
Gold:   1584       SH: 16    Dex: 30    Spells: 14/14 levels left

rFire    . . .     SeeInvis .   j - +3 broad axe (venom)
rCold    . . .     Gourm    .   H - +0 kite shield
rNeg     . . .     Faith    +   g - +0 chain mail
rPois    .         Spirit   +   (no helmet)
rElec    .         Reflect  .   J - +0 cloak
rCorr    .         Harm     .   s - +2 pair of gloves
MR       ++...                  u - +2 pair of boots
Stlth    ..........             K - amulet of faith
HPRegen  1.03/turn              m - ring of protection from magic
MPRegen  0.17/turn              b - +6 ring of strength

@: corroded, very slow
A: fangs 3, regeneration 2, magic shield, antimagic bite, no potion heal 3, rot
immunity
a: Bend Time, Temporal Distortion, Slouch, Step From Time, Renounce Religion


You were on level 15 of the Dungeon.
You worshipped Cheibriados.
Cheibriados was exalted by your worship.
You were hungry.

You visited 2 branches of the dungeon, and saw 21 of its levels.

You collected 1584 gold pieces.

Inventory:

Hand Weapons
 j - a +3 broad axe of venom (weapon)
   (You found it on level 5 of the Dungeon)
Missiles
 B - a throwing net (quivered)
Armour
 g - a +0 chain mail (worn)
   (You took it off an orc on level 3 of the Dungeon)
 s - a +2 pair of gloves (worn)
   (You found it on level 2 of the Dungeon)
 u - a +2 pair of boots (worn)
   (You found it on level 4 of the Dungeon)
 A - a +0 tower shield
   (You found it on level 7 of the Dungeon)
 H - a +0 kite shield (worn)
 J - a +0 cloak (worn)
   (You found it on level 10 of the Dungeon)
 L - a scarf of invisibility
   (You found it on level 8 of the Dungeon)
 N - the +1 plate armour of the Country {Harm MR+ Dex+3}
   (You found it on level 6 of the Lair of Beasts)

   It affects your dexterity (+3).
   It affects your resistance to hostile enchantments.
   It increases damage dealt and taken.
Jewellery
 b - a +6 ring of strength (right hand)
   (You found it on level 1 of the Dungeon)
 c - an uncursed ring of protection from cold
   (You found it on level 10 of the Dungeon)
 k - an uncursed ring of resist corrosion
   (You found it on level 5 of the Dungeon)
 m - a ring of protection from magic (left hand)
   (You found it on level 1 of the Lair of Beasts)
 o - an uncursed ring of poison resistance
   (You found it on level 1 of the Dungeon)
 y - an uncursed ring of magical power
   (You found it on level 7 of the Dungeon)
 K - an amulet of faith (around neck)
   (You found it on level 4 of the Lair of Beasts)
Wands
 v - a wand of digging (5)
   (You found it on level 14 of the Dungeon)
 M - a wand of iceblast (7)
   (You found it on level 4 of the Lair of Beasts)
 O - a wand of acid (12)
   (You took it off an orc on level 12 of the Dungeon)
Scrolls
 f - 4 scrolls of fog
 i - 2 scrolls of immolation
 r - 3 scrolls of identify
 t - 10 scrolls of teleportation
 x - 11 scrolls of remove curse
 z - 6 scrolls of blinking
 E - 2 scrolls of enchant armour
 F - 2 scrolls of magic mapping
 G - a scroll of fear
 P - a scroll of summoning {unknown}
Potions
 d - 3 potions of might
 h - a potion of haste
 l - 7 potions of curing
 n - 2 potions of resistance
 p - 2 potions of flight
 q - 2 potions of magic
 w - 4 potions of heal wounds
 C - a potion of invisibility
 D - 2 potions of mutation
 I - 3 potions of lignification
Comestibles
 e - 34 rations


   Skills:
 + Level 10.6 Fighting
 * Level 14.2 Axes
 + Level 9.7 Armour
 + Level 9.1 Dodging
 + Level 10.6 Shields
 - Level 7.2 Invocations


You had 14 spell levels left.
You didn't know any spells.
Your spell library was empty.

Dungeon Overview and Level Annotations

Branches:
Dungeon (15/15)            Temple (0/1) D:4            Lair (6/6) D:8
  Swamp (0/4) Lair:4        Snake (0/4) Lair:3        Slime (0/5) Lair:5
    Orc (0/2) D:12         Vaults (0/5) D:14
 Depths: D:15

Altars:
Ashenzari
Cheibriados
Elyvilon
Gozag
Kikubaaqudgha
Sif Muna
Uskayaw
Xom
Yredelemnul
Zin

Shops:
D:6 (   D:13 }

Annotations:
D:15 Azrael


Innate Abilities, Weirdness & Mutations

You have razor-sharp teeth.
You heal very quickly.
When hurt, damage is shared between your health and your magic reserves.
Your bite disrupts and absorbs the magic of your enemies.
Potions cannot restore your health.
You are immune to rotting.


Message History

Cheibriados thoroughly appreciates the change of pace.
You kill the hell hound!
Cheibriados thoroughly appreciates the change of pace.
You feel somewhat more hungry. Azrael gestures at you.
The bolt of fire hits you!!! Azrael gestures at you.
The sphere of damnation explodes!
The damnation engulfs you!!
* * * LOW HITPOINT WARNING * * *
The damnation engulfs Azrael.
Azrael completely resists.
You block Azrael's attack.
You are too injured to fight recklessly!
You are too injured to fight recklessly!
You are too injured to fight recklessly!
You slice Azrael!! You bite Azrael.
Azrael's magic leaks into the air.
You drain his magic.
You feel invigorated.
Azrael is heavily wounded.
Azrael gestures at you.
The sphere of damnation explodes!
The damnation engulfs you!!
You die...

................
........................
........................
........................
........................
........................
.......†...............#
......R@................
.#.....##......##......#
#..#.. #.....##..)#)...
#...<#.##...###.#)#))...
. ....##.....#...#))...#
...................)...#
... ...#.#....)#).÷.....
.## #..####..##........#
#. #...#.....#....


You could see Azrael.

Vanquished Creatures
  Frances (D:14)
  A dire elephant (Lair:6)
  Josephine (D:10)
  A fire dragon (Lair:6)
  8 vault guards (D:14)
  A hydra (Lair:6)
  Erica (D:8)
  A centaur warrior (D:14)
  12 two-headed ogres
  2 catoblepae (Lair:6)
  An ogre mage (D:15)
  A queen ant (D:9)
  Urug (Lair:2)
  3 skeletal warriors (D:14)
  An unseen horror (D:12)
  Pikel (D:6)
  3 lindwurms (Lair:6)
  2 deep elf magi
  2 wolf spiders (Lair:6)
  3 manticores
  11 slime creatures
  9 ugly things
  A black mamba (Lair:5)
  9 elephants
  A centaur zombie (D:13)
  12 spiny frogs
  5 torpor snails (Lair:6)
  2 rime drakes (Lair:6)
  5 centaur skeletons
  4 yaktaurs (D:15)
  A kobold demonologist (D:12)
  5 komodo dragons
  2 trolls
  3 meliai (D:13)
  3 tyrant leeches (Lair:6)
  Grinder (D:4)
  9 hornets
  Prince Ribbit (D:6)
  7 dream sheep (Lair:5)
  A meliai zombie (D:15)
  15 blink frogs
  A centaur simulacrum (D:13)
  12 hippogriffs
  A spriggan (D:9)
  6 wraiths
  6 fire elementals
  4 hungry ghosts
  58 yaks
  5 basilisks
  7 vampire mosquitoes
  A two-headed ogre zombie (D:12)
  6 insubstantial wisps (Lair:4)
  2 nagas (Lair:3)
  3 soldier ants (D:9)
  11 water moccasins
  2 acid dragons
  A hell hound (D:15)
  13 porcupines
  11 orc warriors
  5 phantoms
  3 sky beasts
  5 black bears
  An ice beast (D:13)
  2 slaves (D:6)
  4 ogres
  5 boggarts (D:15)
  14 crocodiles
  2 eyes of draining
  6 wolves
  12 centaurs
  11 bullfrogs
  A gnoll sergeant (D:11)
  4 scorpions
  A wyvern skeleton (D:11)
  3 troll zombies (D:12)
  15 wights
  9 howler monkeys
  9 crimson imps
  A bullfrog zombie (D:7)
  A lava snake (Lair:1)
  6 hounds
  2 quasits
  5 jellies
  7 orc priests
  4 bullfrog skeletons
  4 iguanas
  Ijyb (D:4)
  20 orc wizards
  23 worker ants
  4 ogre zombies (D:12)
  2 hound zombies
  A hound skeleton (D:6)
  A worker ant zombie (D:7)
  6 gnolls
  12 adders
  3 shadow imps
  2 oozes
  2 adder zombies (D:5)
  An adder skeleton (D:4)
  2 worms
  2 dart slugs
  8 leopard geckos
  67 orcs
  6 giant cockroaches
  7 goblins
  10 hobgoblins
  12 jackals
  8 kobolds
  3 quokkas
  12 bats
  10 frilled lizards
  A goblin skeleton (D:12)
  5 goblin zombies (D:12)
  3 hobgoblin skeletons (D:12)
  2 hobgoblin zombies (D:12)
  A jackal skeleton (D:5)
  A jackal zombie (D:7)
  A leopard gecko skeleton (D:4)
  A leopard gecko zombie (D:8)
  3 orc skeletons (D:12)
  11 orc zombies (D:12)
  7 rats
  5 fungi
  3 plants
715 creatures vanquished.

Vanquished Creatures (others)
  A crimson imp (D:6)
  A bush (Lair:6)
  19 fungi
  25 plants (Lair:6)
46 creatures vanquished.

Grand Total: 761 creatures vanquished

Notes
Turn   | Place    | Note
-------+----------+-------------------------------------------
     0 | D:1      | Flugslaktarn the Vine Stalker Fighter began the quest for
                  | the Orb.
     0 | D:1      | Reached XP level 1. HP: 11/11 MP: 2/2
   222 | D:1      | Reached skill level 2 in Axes
   230 | D:1      | Reached XP level 2. HP: 7/16 MP: 1/3
   885 | D:1      | Reached XP level 3. HP: 19/19 MP: 4/4
  1634 | D:2      | Gained mutation: Your natural rate of healing is unusually
                  | fast. [Vine Stalker growth]
  1634 | D:2      | Reached XP level 4. HP: 24/24 MP: 5/5
  2004 | D:2      | Reached skill level 3 in Axes
  2483 | D:3      | Reached XP level 5. HP: 28/28 MP: 6/6
  2528 | D:3      | Found a snail-covered altar of Cheibriados.
  2539 | D:3      | Became a worshipper of Cheibriados the Contemplative
  2863 | D:3      | Found a hide-covered altar of Uskayaw.
  2998 | D:3      | Found an opulent altar of Gozag.
  3310 | D:4      | Found a shattered altar of Ashenzari.
  3360 | D:4      | Reached XP level 6. HP: 29/32 MP: 5/7
  3362 | D:4      | Reached * piety under Cheibriados
  3363 | D:4      | Reached skill level 1 in Invocations
  3431 | D:4      | Reached skill level 4 in Axes
  3661 | D:4      | Noticed Ijyb
  3685 | D:4      | Noticed Grinder
  3686 | D:4      | Killed Ijyb
  3709 | D:4      | Killed Grinder
  3709 | D:4      | Reached XP level 7. HP: 37/37 MP: 7/9
  3758 | D:4      | Found a staircase to the Ecumenical Temple.
  3761 | D:4      | Reached ** piety under Cheibriados
  3914 | D:5      | Entered Level 5 of the Dungeon
  4171 | D:5      | Reached skill level 5 in Axes
  4192 | D:5      | Gained mutation: You have razor-sharp teeth. [Vine Stalker
                  | growth]
  4192 | D:5      | Reached XP level 8. HP: 39/42 MP: 10/10
  4673 | D:6      | Noticed Pikel
  4688 | D:6      | Killed Pikel
  4688 | D:6      | Reached skill level 5 in Fighting
  4688 | D:6      | Reached skill level 6 in Axes
  4688 | D:6      | Reached skill level 5 in Shields
  4688 | D:6      | Reached XP level 9. HP: 24/47 MP: 12/12
  4766 | D:6      | Reached *** piety under Cheibriados
  4942 | D:6      | Found Juinnixkou's Antique Weapon Boutique.
  4947 | D:6      | Noticed Prince Ribbit
  4957 | D:6      | Killed Prince Ribbit
  5120 | D:6      | Reached skill level 7 in Axes
  5126 | D:6      | Reached skill level 5 in Armour
  5234 | D:6      | Found a shimmering blue altar of Sif Muna.
  5236 | D:6      | Found a shimmering altar of Xom.
  5608 | D:7      | Reached **** piety under Cheibriados
  5867 | D:7      | Found a glowing silver altar of Zin.
  6015 | D:7      | Found a white marble altar of Elyvilon.
  6019 | D:7      | Reached XP level 10. HP: 38/53 MP: 14/14
  6393 | D:8      | Noticed Erica
  6399 | D:8      | Killed Erica
  6399 | D:8      | Reached skill level 8 in Axes
  6399 | D:8      | Reached skill level 5 in Invocations
  6399 | D:8      | Noticed an elephant
  6409 | D:8      | Killed an elephant
  6443 | D:8      | Found a staircase to the Lair.
  6458 | D:8      | Reached ***** piety under Cheibriados
  7072 | D:9      | Reached skill level 9 in Axes
  7091 | D:9      | Noticed a queen ant
  7093 | D:9      | Reached XP level 11. HP: 56/58 MP: 16/16
  7094 | D:9      | Killed a queen ant
  7323 | D:9      | Found an ancient bone altar of Kikubaaqudgha.
  7325 | D:9      | Reached ****** piety under Cheibriados
  7684 | D:9      | Noticed a two-headed ogre
  7688 | D:9      | Killed a two-headed ogre
  7854 | D:10     | Entered Level 10 of the Dungeon
  7961 | D:10     | Reached skill level 10 in Axes
  8030 | D:10     | Noticed Josephine
  8034 | D:10     | Killed Josephine
  8084 | D:10     | Got a vibrating steel ring
  8086 | D:10     | Identified the ring of Tipleaf {+Fly rN+ MR+ Int-5 Stlth+}
                  | (You found it on level 10 of the Dungeon)
  8375 | Lair:1   | Entered Level 1 of the Lair of Beasts
  8378 | Lair:1   | Gained mutation: You heal very quickly. [Vine Stalker
                  | growth]
  8378 | Lair:1   | Reached XP level 12. HP: 55/64 MP: 15/18
  8382 | Lair:1   | Reached skill level 1 in Dodging
  8898 | Lair:1   | Reached skill level 5 in Dodging
  9018 | Lair:2   | Noticed Urug
  9027 | Lair:2   | Killed Urug
  9862 | Lair:3   | Found a staircase to the Snake Pit.
  9971 | Lair:3   | Reached skill level 11 in Axes
 10004 | Lair:3   | Reached XP level 13. HP: 61/68 MP: 17/19
 10495 | Lair:4   | Found a staircase to the Swamp.
 11517 | Lair:5   | Found a staircase to the Slime Pits.
 11622 | Lair:6   | Entered Level 6 of the Lair of Beasts
 11626 | Lair:6   | Reached skill level 12 in Axes
 11998 | Lair:6   | Reached XP level 14. HP: 58/75 MP: 20/20
 12120 | Lair:6   | Got a transparent plate armour
 12131 | Lair:6   | Identified the +1 plate armour of the Country {Harm MR+
                  | Dex+3} (You found it on level 6 of the Lair of Beasts)
 12153 | Lair:6   | Noticed a dire elephant
 12159 | Lair:6   | Killed a dire elephant
 12482 | Lair:6   | Found a runed translucent door.
 13308 | D:11     | Found a basalt altar of Yredelemnul.
 13801 | D:12     | Found a staircase to the Orcish Mines.
 13811 | D:12     | Reached skill level 13 in Axes
 14432 | D:13     | Reached skill level 10 in Shields
 14536 | D:13     | Reached skill level 10 in Fighting
 14556 | D:13     | Found Waav's Gadget Emporium.
 14802 | D:13     | Reached XP level 15. HP: 32/80 MP: 9/21
 15225 | D:14     | Found a gate to the Vaults.
 15321 | D:14     | Noticed Frances
 15338 | D:14     | Killed Frances
 16009 | D:15     | Entered Level 15 of the Dungeon
 16037 | D:15     | Reached skill level 14 in Axes
 16255 | D:15     | Noticed Azrael
 16266 | D:15     | Killed from afar by Azrael

Illustrated notes

Levels and vault maps discovered:
D:1:      dpeg_arrival_water_temple_mockup, layout_basic,
          chequers_serial_rivers_room_a
D:2:      wad_river_or_something, layout_basic, first_ration,
          grunt_ministairs_3, minmay_nonomino_d4
D:3:      layout_basic, nicolae_gozag_cash_rules_everything_around_me,
          overflow_temple_1_default, cheibriados_altar_1, fountainhead,
          minmay_crystal_room
D:4:      layout_rooms, temple_hall, nicolae_zen_rock_garden,
          hangedman_decor_points, evilmike_ruin_ashenzari, uniq_ijyb,
          uniq_grinder
D:5:      layout_layer_cave
D:6:      black_bear_nest_1, layout_basic, nicolae_overflow_hidden_temple,
          serial_shops, shop, uniq_pikel, uniq_prince_ribbit1
D:7:      layout_loops_ring, elyvilon_altar_5, zin_treasury
D:8:      layout_basic, david_lair_generic, special_room [special_room_orc],
          uniq_erica
D:9:      layout_gridville, kiku_gazebo_pond_becter, the_bakery,
          minmay_another_anthill
D:10:     layout_rooms, uniq_josephine
D:11:     layout_stronghold, lemuel_hellish_altar
D:12:     layout_roguey, zombieorc2_lemuel
D:13:     layout_basic, serial_shops, nicolae_shop_waterfront,
          minmay_diced_spiral
D:14:     layout_cave_pods, erik_vaults_2, roderic_roman_lattice, uniq_frances
D:15:     hangedman_depths_entry_civil_slaughter, layout_cross, basic_altar,
          serial_bayou_shore_b, uniq_azrael, uniq_roxanne
Lair:1:   layout_gridlike, st_stairs_7, minmay_stone_trees_medium,
          grunt_megastairs_5
Lair:2:   layout_loops_ring, uniq_urug
Lair:3:   layout_roguey, minmay_snake_entry_guardpost_small, st_stairs_6,
          beast_lair_carwin_4
Lair:4:   layout_hall_layers, minmay_swamp_entry_wisps
Lair:5:   layout_loops_ring, dpeg_slime_entry_corner
Lair:6:   hangedman_lair_in_review, layout_layer_cave, wormcave, ldierk_geyser

Skill      XL: |  1  2  3  4  5  6  7  8  9 10 11 12 13 14 15 |
---------------+----------------------------------------------+-----
Axes           | 2 3 4 5 6 7 9 10 11 12 13 14 | 14.2
Fighting       | 3 4 5 6 7 8 9 10 | 10.6
Shields        | 3 4 5 6 7 8 9 10 | 10.6
Armour         | 3 4 5 6 7 8 9 |  9.7
Invocations    | 2 3 4 6 7 |  7.2
Dodging        | 6 7 8 9 |  9.1

Action                   |  1- 3 |  4- 6 |  7- 9 | 10-12 | 13-15 || total
-------------------------+-------+-------+-------+-------+-------++-------
Melee: War axe           |    79 |   183 |    61 |       |       ||   323
       Bite              |    32 |    57 |    79 |   213 |   362 ||   743
       Hand axe          |    23 |       |       |       |       ||    23
       Broad axe         |       |       |   107 |   417 |   635 ||  1159
Invok: Slouch            |       |       |       |       |     5 ||     5
Evoke: Wand              |       |       |       |       |     2 ||     2
  Use: Scroll            |     7 |       |     7 |     3 |     8 ||    25
 Stab: Petrified         |       |       |       |       |     5 ||     5
  Eat: Chunk             |     2 |     6 |     2 |     5 |    10 ||    25
       Ration            |       |     1 |       |     1 |     1 ||     3
Armor: Scale mail        |    35 |    94 |    63 |       |       ||   192
       Chain mail        |       |       |    19 |   142 |   177 ||   338
       Plate armour      |       |       |       |       |     8 ||     8
Dodge: Dodged            |    28 |    65 |    54 |   109 |   377 ||   633
Block: Kite shield       |    58 |   114 |   109 |   298 |   534 ||  1113

Table legend:
 A = Non-vault XP
 B = Vault XP
 C = Vault XP percentage of total XP
 D = Non-vault monster count
 E = Vault monster count
 F = Vault count percentage of total count
                 A         B        C        D         E       F
            +---------+---------+-------+---------+---------+-------
      Total |   77018 |   43412 |  36.0 |     517 |     188 |  26.7
            +---------+---------+-------+---------+---------+-------
        D:1 |      36 |       0 |   0.0 |      20 |       0 |   0.0
        D:2 |      67 |      36 |  35.0 |      19 |      15 |  44.1
        D:3 |     126 |       0 |   0.0 |      22 |       0 |   0.0
        D:4 |     285 |     322 |  53.0 |      22 |       2 |   8.3
        D:5 |     484 |       0 |   0.0 |      15 |       0 |   0.0
        D:6 |    1231 |    1087 |  46.9 |      33 |       3 |   8.3
        D:7 |    1164 |       0 |   0.0 |      27 |       0 |   0.0
        D:8 |    1132 |    2588 |  69.6 |      19 |      29 |  60.4
        D:9 |    3050 |    2114 |  40.9 |      23 |      21 |  47.7
       D:10 |    2862 |    1729 |  37.7 |      38 |       4 |   9.5
       D:11 |    2256 |       0 |   0.0 |      21 |       0 |   0.0
       D:12 |    4968 |    1036 |  17.3 |      31 |      36 |  53.7
       D:13 |    7931 |    1584 |  16.6 |      28 |       5 |  15.2
       D:14 |    9837 |    9948 |  50.3 |      36 |       9 |  20.0
       D:15 |   10834 |    2027 |  15.8 |      29 |       7 |  19.4
     Lair:1 |    4281 |     868 |  16.9 |      20 |       3 |  13.0
     Lair:2 |    3089 |     815 |  20.9 |      17 |       1 |   5.6
     Lair:3 |    5528 |    1556 |  22.0 |      25 |      10 |  28.6
     Lair:4 |    8169 |     973 |  10.6 |      28 |       6 |  17.6
     Lair:5 |    4639 |       0 |   0.0 |      21 |       0 |   0.0
     Lair:6 |    5049 |   16729 |  76.8 |      23 |      37 |  61.7
            +---------+---------+-------+---------+---------+-------
